 Dungeon Crawl Stone Soup version 0.25.1-2-g60ff931df9 (webtiles) character file.

Game seed: 3216769511392427527

328 Martska the Poker (level 6, -1/60 HPs)
             Began as a Naga Warper on Oct 12, 2020.
             Slain by a gnoll
             ... wielding a +0 spear
              (9 damage)
             ... on level 4 of the Dungeon.
             The game lasted 00:07:49 (4664 turns).

Martska the Poker (Naga Warper)                     Turns: 4664, Time: 00:07:50

Health: -1/60      AC:  4    Str: 15    XL:     6   Next: 50%
Magic:  9/9        EV:  9    Int: 13    God:
Gold:   184        SH:  0    Dex: 11    Spells: 9/9 levels left

rFire    . . .     SeeInvis +   a - +0 spear
rCold    . . .     Gourm    .   (no shield)
rNeg     . . .     Faith    .   b - +1 leather armour
rPois    +         Spirit   .   (no helmet)
rElec    .         Reflect  .   (no cloak)
rCorr    .         Harm     .   (no gloves)
MR       .....                  (no barding)
Stlth    +.........             (no amulet)
HPRegen  0.20/turn              (no ring)
MPRegen  0.11/turn              (no ring)

@: very slow
A: large, see invisible, deformed body, poison resistance, slowness 2, slow
metabolism 1, spit poison 1, AC +2
a: Spit Poison


You were on level 4 of the Dungeon.
You were not hungry.

You visited 1 branch of the dungeon, and saw 4 of its levels.

You collected 184 gold pieces.

Inventory:

Hand Weapons
 a - a +0 spear (weapon)
 r - a +0 dagger
Missiles
 e - 10 boomerangs of dispersal (quivered)
Armour
 b - a +1 leather armour (worn)
Jewellery
 l - an uncursed ring of wizardry {unknown}
Wands
 q - a wand of clouds (4)
Scrolls
 c - 2 scrolls of remove curse
 g - a scroll of magic mapping
 k - 3 scrolls of identify
Potions
 d - a potion of heal wounds
 h - a potion of stabbing
 j - a potion of lignification
 m - 4 potions of brilliance
 p - a potion of might {unknown}
Comestibles
 f - 3 rations


   Skills:
 * Level 4.9 Fighting
 * Level 4.9 Polearms
 - Level 0.8 Throwing
 - Level 0.7 Armour
 - Level 1.5 Dodging
 - Level 2.0 Spellcasting
   Level 3.0 Translocations


You had 9 spell levels left.
You didn't know any spells.
Your spell library contained the following spells:

 Spells                   Type           Power        Failure   Level  Hunger
 Blink                    Tloc           N/A          14%         2    ###....
 Shroud of Golubria       Chrm/Tloc      #.....       26%         2    ###....
 Gell's Gravitas          Tloc           #.........   26%         3    ####...
 Lesser Beckoning         Tloc           #.........   26%         3    ####...
 Teleport Other           Tloc           #.......     26%         3    ####...
 Beastly Appendage        Tmut           #.....       30%         1    ##.....
 Sticks to Snakes         Tmut           #.......     43%         2    ###....
 Passage of Golubria      Tloc           N/A          65%         4    #####..
 Spider Form              Tmut/Pois      #.........   67%         3    ####...
 Ice Form                 Ice/Tmut       #.......     97%         4    #####..
 Blade Hands              Tmut           #.........   100%        5    ######.


Dungeon Overview and Level Annotations

Branches:
Dungeon (4/15)
 Temple: D:4-7

Altars:
Ru
Xom

Annotations:
D:3 1 runed translucent door, Crazy Yiuf, Sigmund


Innate Abilities, Weirdness & Mutations

You cannot wear boots.
Your serpentine skin is tough. (AC +2)
You have supernaturally acute eyesight. (SInv)
Armour fits poorly on your strangely shaped body.
Your system is resistant to poisons. (rPois)
You cover ground very slowly.
You have a slow metabolism.
You can spit poison.


Message History

The gnoll hits you from afar with a +0 spear.
The gnoll hits you with a +0 flail. The gnoll hits you.
The gnoll hits you from afar with a +0 spear.
* * * LOW HITPOINT WARNING * * *
There are monsters nearby!
As you read the scroll labeled PEX HUNUYCH, it crumbles to dust.
It is a scroll of enchant armour.
Your +0 leather armour glows green for a moment.
The gnoll hits you but does no damage. The gnoll hits you.
* * * LOW HITPOINT WARNING * * *
The gnoll hits you from afar with a +0 spear.
* * * LOW HITPOINT WARNING * * *
The gnoll hits you with a +0 flail.
* * * LOW HITPOINT WARNING * * *
As you read the scroll labeled UXAMEPL MYINK, it crumbles to dust.
It is a scroll of amnesia.
You feel forgetful for a moment.
You have got your breath back.
The gnoll hits you from afar with a +0 spear!
You die...

......,,,,,.......,,,,,,,,,,,,,,,
......,,,,,*##...#**,,,,,,*,,,,,*
,,,,***,,,,*≈#...#≈*,,,,,,,,,,,**
,,,,* *,,,,*##...#**,,,.,,,,,,**,
#*,**##.....#....#*,#,..,,,,,,*,,
.,,,,#>.#.#......##.#...****,,*,,
.....#......**#g.g......,,,,,,*,,
....*#....######g#....#,,,,,,***,
...**#....#..#..@g....#*,,,******
..####..#..............#,,,**,,,*
....(#......#...#.....##,,,,,,*,,
###...........####..=.#**,,,,,**,
#.......##.#### *..### ***,***,,
(........### *### *** **,
.........# ** ###.....## *
#..##.#


You could see 4 gnolls.

Vanquished Creatures
  A scorpion (D:4)
  A hound (D:3)
  2 orc priests
  An orc wizard (D:4)
  Jessica (D:2)
  A worker ant (D:4)
  4 adders
  An ooze (D:2)
  2 worms
  A dart slug (D:3)
  A leopard gecko (D:3)
  5 orcs
  2 ball pythons
  3 bats (D:2)
  5 giant cockroaches
  10 goblins
  7 hobgoblins
  A quokka (D:2)
  5 frilled lizards
  6 kobolds
  A leopard gecko skeleton (D:4)
  4 rats
65 creatures vanquished.

Vanquished Creatures (others)
  A goblin (D:3)
1 creature vanquished.

Grand Total: 66 creatures vanquished

Notes
Turn   | Place    | Note
-------+----------+-------------------------------------------
     0 | D:1      | Martska the Naga Warper began the quest for the Orb.
     0 | D:1      | Reached XP level 1. HP: 19/19 MP: 3/3
   565 | D:1      | Reached XP level 2. HP: 27/27 MP: 5/5
  1083 | D:2      | Reached XP level 3. HP: 24/33 MP: 6/6
  1474 | D:2      | Noticed Jessica
  2039 | D:1      | HP: 1/34 [poisoned by an adder]
  2571 | D:2      | Killed Jessica
  2571 | D:2      | Reached XP level 4. HP: 33/42 MP: 7/7
  3030 | D:3      | Noticed Sigmund
  3423 | D:3      | Found a runed translucent door.
  3424 | D:3      | Noticed Crazy Yiuf
  3572 | D:3      | Reached XP level 5. HP: 38/50 MP: 8/8
  3764 | D:3      | HP: 1/50 [hound (6)]
  4088 | D:4      | Reached XP level 6. HP: 24/58 MP: 9/9
  4617 | D:4      | Found a sacrificial altar of Ru.
  4618 | D:4      | Found a shimmering altar of Xom.
  4664 | D:4      | Slain by a gnoll

Illustrated notes

Levels and vault maps discovered:
D:1:      minmay_arrival_four_houses, layout_loops_cross
D:2:      layout_rooms, uniq_jessica
D:3:      layout_rooms, nicolae_overflow_hidden_temple, grunt_ministairs_12,
          uniq_sigmund, uniq_crazy_yiuf_cottage
D:4:      layout_cave_pools, nicolae_qazlal_style_of_elements,
          lemuel_round_altar, chequers_temple_overflow_statue_of_worship,
          gammafunk_temple_overflow_pools, first_ration, nrook_campfire

Skill      XL: |  1  2  3  4  5 |
---------------+----------------+-----
Polearms       | 3 4 |  4.9
Fighting       | 3 4 |  4.9
Throwing       | |  0.8
Armour         | |  0.7
Dodging        | |  1.5
Spellcasting   | |  2.0
Translocations | |  3.0

Action                   |  1- 3 |  4- 6 || total
-------------------------+-------+-------++-------
Melee: Spear             |   140 |   162 ||   302
Throw: Boomerang         |       |     2 ||     2
 Abil: Spit Poison       |     6 |    20 ||    26
  Use: Scroll            |     5 |     4 ||     9
       Potion            |       |     2 ||     2
  Eat: Chunk             |     1 |     3 ||     4
       Ration            |     1 |     1 ||     2
Armor: Leather armour    |    23 |    30 ||    53
Dodge: Dodged            |    56 |    68 ||   124
